 Dungeon Crawl Stone Soup version 0.25-a0-860-gf695395b5c (webtiles) character file.

Game seed: 10485316000924314739, levelgen mode: deterministic

48 DildoBatman the Magician (level 4, 0/30 HPs)
             Began as a Formicid Wizard on Apr 27, 2020.
             Succumbed to an adder's poison
             ... on level 2 of the Dungeon.
             The game lasted 00:03:22 (1222 turns).

DildoBatman the Magician (Formicid Wizard)          Turns: 1222, Time: 00:03:23

Health: 0/30       AC:  3    Str: 12    XL:     4   Next: 0%
Magic:  8/8        EV: 12    Int: 18    God:
Gold:   65         SH:  0    Dex:  9    Spells: 2/9 levels left

rFire    . . .     SeeInvis +   e - +0 club
rCold    . . .     Gourm    .   (no shield)
rNeg     . . .     Faith    .   a - +0 robe
rPois    .         Spirit   .   (helmet unavailable)
rElec    .         Reflect  .   b - +0 cloak
rCorr    .         Harm     .   (no gloves)
MR       .....                  (no boots)
Stlth    ++........             (no amulet)
HPRegen  0.10/turn              (no ring)
MPRegen  0.11/turn              (no ring)

@: lethally poisoned (0 -> -10)
A: permanent stasis, dig shafts and tunnels, four strong arms, antennae 3
a: Dig, Shaft Self


You were on level 2 of the Dungeon.
You were not hungry.

You visited 1 branch of the dungeon, and saw 2 of its levels.

You collected 65 gold pieces.

Inventory:

Hand Weapons
 e - a +0 club (weapon)
Missiles
 c - 31 stones (quivered)
 f - 14 arrows
 g - 7 datura-tipped darts
Armour
 a - a +0 robe (worn)
 b - a +0 cloak (worn)
Scrolls
 h - a scroll of identify {unknown}
 j - a scroll of immolation {unknown}
 k - a scroll of enchant armour {unknown}
Potions
 i - a potion of curing {unknown}
Comestibles
 d - a chunk of flesh
 v - a ration


   Skills:
 - Level 1.7 Dodging
 - Level 2.4 Stealth
 - Level 3.2 Spellcasting
 * Level 3.1 Conjurations
   Level 1.0 Summonings
   Level 0.8 Translocations


You had 2 spell levels left.
You knew the following spells:

 Your Spells              Type           Power        Failure   Level  Hunger
a - Conjure Flame         Conj/Fire      #.......     26%         3    ###....
c - Magic Dart            Conj           ##..         4%          1    None
e - Mephitic Cloud        Conj/Pois/Air  #.......     30%         3    ###....

Your spell library contained the following spells:

 Spells                   Type           Power        Failure   Level  Hunger
 Call Imp                 Summ           #.......     16%         2    ##.....
 Slow                     Hex            #.......     24%         2    ##.....
 Blink                    Tloc           Unusable     N/A         2    N/A

Dungeon Overview and Level Annotations

Branches:
Dungeon (2/15)

Altars:


Innate Abilities, Weirdness & Mutations

You cannot be hasted, slowed, berserked, paralysed or teleported.
You can dig through walls and to a lower floor.
Your four strong arms can wield two-handed weapons with a shield.
You have a pair of large antennae on your head. (SInv)


Message History

The adder bites you but does no damage. What are your orders? t - Shout!
Orders for allies: a - Attack new target. r - Retreat! s - Stop attacking. g - Guard the area. f - Follow me.
Anything else - Cancel.
You shout for attention!
You feel sick. The bat misses you. The adder barely misses you.
The hobgoblin closely misses you. What are your orders? t - Shout!
Orders for allies: a - Attack new target. r - Retreat! s - Stop attacking. g - Guard the area. f - Follow me.
Anything else - Cancel.
You shout for attention!
You die...

#.≈≈≈≈≈... ##
#.≈≈≈≈≈>.# .#
###..≈≈≈≈..## .#
#....≈≈≈≈≈..## .#
###.#..≈≈≈≈≈...###.###
#.....88≈≈≈≈≈88.......
#...................
#.g.b...........##.#
##.@88≈≈≈≈≈88......#
##S###≈≈≈≈.........
#.# #≈≈≈≈≈........ #.#
#≈≈≈≈≈........ ..#
#.≈≈≈≈........ ..#
#.≈≈≈≈≈....... #.##
#.≈≈≈≈÷....... ..
##.≈≈≈≈.......
##≈≈≈≈......#


You could see an adder, a hobgoblin and a bat.

Vanquished Creatures
  2 dart slugs
  2 leopard geckos (D:1)
  2 ball pythons (D:1)
  3 giant cockroaches (D:1)
  5 goblins (D:1)
  2 hobgoblins (D:1)
  7 jackals (D:1)
  6 bats (D:1)
  A frilled lizard (D:1)
  3 kobolds (D:1)
  3 rats
36 creatures vanquished.

Notes
Turn   | Place    | Note
-------+----------+-------------------------------------------
     0 | D:1      | DildoBatman the Formicid Wizard began the quest for the
                  | Orb.
     0 | D:1      | Reached XP level 1. HP: 13/13 MP: 4/4
    56 | D:1      | Reached skill level 1 in Conjurations
   220 | D:1      | Reached XP level 2. HP: 9/19 MP: 1/6
   460 | D:1      | Reached XP level 3. HP: 18/24 MP: 0/7
   465 | D:1      | Learned a level 3 spell: Conjure Flame
   469 | D:1      | Learned a level 3 spell: Mephitic Cloud
  1178 | D:2      | Reached XP level 4. HP: 30/30 MP: 5/8
  1221 | D:2      | HP: 1/30 [poisoned by an adder]
  1222 | D:2      | Succumbed to an adder's poison

Levels and vault maps discovered:
D:1:      wheals_arrival_shading, layout_basic, hex_large,
          minmay_tree_intersection, hex_intersection
D:2:      wander_river, layout_rooms, marbit_many_paths,
          gammafunk_temple_overflow_forgotten, first_ration, uniq_jessica

Skill      XL: |  1  2  3 |
---------------+----------+-----
Conjurations   | 1 2 3 |  3.1
Dodging        | |  1.7
Stealth        | |  2.4
Spellcasting   | |  3.2
Summonings     | |  1.0
Translocations | |  0.8

Action                   |  1- 3 |  4- 6 || total
-------------------------+-------+-------++-------
Melee: Unarmed           |     5 |       ||     5
       Club              |    36 |       ||    36
 Cast: Magic Dart        |    74 |     1 ||    75
  Eat: Chunk             |     1 |       ||     1
Armor: Robe              |    16 |     6 ||    22
Dodge: Dodged            |    51 |    22 ||    73

Table legend:
 A = Non-vault XP
 B = Vault XP
 C = Vault XP percentage of total XP
 D = Non-vault monster count
 E = Vault monster count
 F = Vault count percentage of total count
                 A         B        C        D         E       F
            +---------+---------+-------+---------+---------+-------
      Total |      69 |       0 |   0.0 |      36 |       0 |   0.0
            +---------+---------+-------+---------+---------+-------
        D:1 |      63 |       0 |   0.0 |      33 |       0 |   0.0
        D:2 |       6 |       0 |   0.0 |       3 |       0 |   0.0
            +---------+---------+-------+---------+---------+-------
